 Dungeon Crawl Stone Soup version 0.32-a0-171-g4625e66871 (webtiles) character file.

Game seed: 14275277179110358334

954 sunet the Covered (level 7, -8/61 HPs)
             Began as a Minotaur Fighter on Feb 12, 2024.
             Was a Follower of Elyvilon.
             Mangled by NigelTetley's ghost (12 damage)
             ... on level 4 of the Dungeon.
             The game lasted 01:30:42 (5852 turns).

sunet the Covered (Minotaur Fighter)                Turns: 5852, Time: 01:30:42

Health: -8/61      AC: 10    Str: 22    XL:     7   Next: 90%
Magic:  6/6        EV: 24    Int:  5    God:    Elyvilon [*.....]
Gold:   253        SH:  5    Dex: 10    Spells: 6/6 levels left

rFire   . . .        K - +0 war axe
rCold   + . .        c - +0 buckler
rNeg    . . .        J - +0 chain mail
rPois   +            (helmet restricted)
rElec   .            (no cloak)
rCorr   .            (no gloves)
SInv    .            (no boots)
Will    .....        A - amulet of the acrobat Stlth
                     e - ring of protection from cold
HPRegen 0.30/turn    p - ring of poison resistance
MPRegen 0.10/turn

%: acrobat
@: acrobatic
A: horns 2, retaliatory headbutt
a: Renounce Religion, Purification


You were on level 4 of the Dungeon.
You worshipped Elyvilon.
Elyvilon was aware of your devotion.
You visited 1 branch of the dungeon, and saw 4 of its levels.

You collected 253 gold pieces.

Inventory:

Hand Weapons
 j - a +0 flail
 l - a +3 hand axe of distortion
 o - a +0 hand axe
 q - a +0 trident
 D - a +0 scythe
 E - a +0 halberd
 F - a +0 spear
 K - a +0 war axe (weapon)
 L - a +0 falchion
 N - a +0 rapier
Missiles
 n - 42 stones
 t - 2 boomerangs
Armour
 b - a +0 scale mail
 c - a +0 buckler (worn)
 v - a +0 ring mail
 J - a +0 chain mail (worn)
Jewellery
 e - a ring of protection from cold (left hand)
 p - a ring of poison resistance (right hand)
 A - an amulet of the acrobat (around neck)
Talismans
 u - a serpent talisman
 C - a flux talisman
Wands
 B - a wand of flame (14)
 I - a wand of light (3) (quivered)
Scrolls
 i - 2 scrolls of immolation {unknown}
 k - 4 scrolls of identify {unknown}
 m - a scroll of brand weapon {unknown}
 r - 2 scrolls of teleportation {unknown}
 s - a scroll of noise {unknown}
 x - 2 scrolls of fear {unknown}
 y - a scroll of fog {unknown}
 z - a scroll of amnesia {unknown}
 H - 2 scrolls of blinking {unknown}
Potions
 d - a potion of might
 f - a potion of degeneration {unknown}
 g - a potion of heal wounds {unknown}
 h - a potion of cancellation {unknown}
 G - a potion of enlightenment {unknown}


   Skills:
 + Level 5.0 Fighting
 + Level 0.2 Short Blades
 + Level 3.3(5.4) Axes
 + Level 4.5(5.1) Maces & Flails
 + Level 4.5(5.1) Polearms
 + Level 0.2 Throwing
 + Level 6.4 Armour
 + Level 2.4 Dodging
 + Level 0.3 Stealth
 + Level 5.0 Shields
 + Level 0.2 Evocations


You had 6 spell levels left.
You didn't know any spells.
Your spell library contained the following spells:

 Spells                   Type           Power      Damage    Failure   Level
 Dazzling Flash           Conj/Hex       0%         N/A       100%        3
 Inner Flame              Hex/Fire       0%         N/A       100%        3
 Anguish                  Hex/Necr       0%         N/A       100%        4
 Silence                  Hex/Air        0%         N/A       100%        5


Dungeon Overview and Level Annotations

Branches:
Dungeon (4/15)
 Temple: D:4-7

Altars:
Elyvilon
Zin

Shops:
D:1 *

Annotations:
D:4 NigelTetley's ghost, amateur OnGl


Innate Abilities, Weirdness & Mutations

You have a pair of horns on your head.
You reflexively headbutt those who attack you in melee.


Message History

You slash the orc!
You kill the orc!
You miss NigelTetley's ghost. You headbutt NigelTetley's ghost.
NigelTetley's ghost is lightly damaged.
NigelTetley's ghost barely misses you.
The orc priest invokes the aid of Beogh against you.
Beogh smites you!
* * * LOW HITPOINT WARNING * * *
You feel better. You block NigelTetley's ghost's attack.
The orc priest mumbles some strange prayers to Beogh against you.
Beogh smites you!
* * * LOW HITPOINT WARNING * * *
You hit NigelTetley's ghost but do no damage.
You headbutt NigelTetley's ghost.
NigelTetley's ghost is lightly damaged.
NigelTetley's ghost completely misses you.
You block the orc's attack.
NigelTetley's ghost hits you but does no damage.
You block the orc's attack.
You hit NigelTetley's ghost.
NigelTetley's ghost is lightly damaged.
NigelTetley's ghost hits you but does no damage.
The orc hits you from afar with the +10 spear "Kaofiniw" {vamp, *Slow rPois rN+ rCorr}.
* * * LOW HITPOINT WARNING * * *
The orc priest looks encouraged for a moment.
Aiming: Bolt of Light
Press: ? - help, Shift-Dir - straight line, f - NigelTetley's ghost
Aim: NigelTetley's ghost (lightly damaged, 53% to hit)
The bolt of light hits NigelTetley's ghost!
NigelTetley's ghost is moderately damaged.
The bolt of light hits the orc priest!
The orc priest is severely wounded.
The orc priest is blinded.
NigelTetley's ghost hits you but does no damage.
The orc hits you but does no damage.
NigelTetley's ghost attacks as it pursues you!
NigelTetley's ghost completely misses you.
NigelTetley's ghost attacks as it pursues you!
NigelTetley's ghost hits you!
You die...

#>....................
#.....................
########...######+#######.
##...####...##..# ####
#....>..........# #...
#............[ß#########...
#..............#.....ß#'...
#..............#..##..##...
#.......##.@....#..#ß..
#...
############W#..#..##..
#### #.#..#.#.o..
#o#..'.#.... #)o.o'.#.ß._
###..'.#...[ #..#.#....
#..#..##.. #..#..#ß..


You could see an orc priest (blind, unable to see you), NigelTetley's ghost and
an orc.

Vanquished Creatures
  Sigmund (D:4)
  Eustachio (D:4)
  Duvessa (D:4)
  A phantom (D:3)
  Dowan (D:4)
  A bombardier beetle (D:4)
  A jelly (D:4)
  2 orc priests
  2 iguanas (D:4)
  3 orc wizards
  4 gnolls (D:3)
  4 adders
  3 dart slugs
  18 orcs
  A bat (D:3)
  6 endoplasms
  A giant cockroach (D:3)
  7 goblins
  5 hobgoblins
  4 jackals (D:1)
  4 quokkas
  5 ball pythons
  2 frilled lizards
  7 kobolds
  9 rats
94 creatures vanquished.

Notes
Turn   | Place    | Note
-------+----------+-------------------------------------------
     0 | D:1      | sunet the Minotaur Fighter began the quest for the Orb.
     0 | D:1      | Reached XP level 1. HP: 19/19 MP: 0/0
   332 | D:1      | Reached XP level 2. HP: 27/27 MP: 1/1
   442 | D:1      | Reached skill level 4 in Armour
   616 | D:1      | Found Cuekyry's Assorted Antiques.
  1587 | D:2      | Reached XP level 3. HP: 33/33 MP: 2/2
  2046 | D:2      | You fall into a shaft and drop 1 floor!
  2230 | D:3      | Reached XP level 4. HP: 36/41 MP: 3/3
  2459 | D:3      | Noticed a phantom
  2514 | D:3      | Killed a phantom
  2515 | D:3      | Reached skill level 5 in Armour
  2515 | D:3      | Reached skill level 1 in Dodging
  2515 | D:3      | Reached XP level 5. HP: 47/47 MP: 4/4
  3513 | D:3      | Found a white marble altar of Elyvilon.
  3513 | D:3      | Found a glowing silver altar of Zin.
  3529 | D:3      | Became a worshipper of Elyvilon the Healer
  4053 | D:4      | Reached skill level 1 in Polearms
  4053 | D:4      | Reached XP level 6. HP: 35/53 MP: 5/5
  4331 | D:4      | Got the Catalogue of Spellbinding
  4402 | D:4      | Elyvilon protects you from harm!
  4868 | D:4      | Noticed Sigmund
  4886 | D:4      | Killed Sigmund
  4887 | D:4      | Reached XP level 7. HP: 52/60 MP: 6/6
  5060 | D:4      | Found a runed translucent gate.
  5060 | D:4      | Identified the +10 spear "Kaofiniw" {vamp, *Slow rPois rN+
                  | rCorr}
  5060 | D:4      | Identified the +2 leather armour "Bavivulu" {rPois rCorr}
  5062 | D:4      | Found a runed translucent gate.
  5063 | D:4      | Reached * piety under Elyvilon
  5063 | D:4      | Noticed NigelTetley's ghost (amateur OnGl)
  5420 | D:4      | Noticed Eustachio
  5441 | D:4      | Noticed Duvessa
  5441 | D:4      | Noticed Dowan
  5459 | D:4      | Killed Duvessa
  5460 | D:4      | Reached skill level 1 in Axes
  5460 | D:4      | Reached skill level 6 in Armour
  5469 | D:4      | Killed Dowan
  5470 | D:4      | Reached skill level 5 in Fighting
  5470 | D:4      | Reached skill level 5 in Shields
  5484 | D:4      | Killed Eustachio
  5770 | D:4      | Found a runed translucent gate.
  5849 | D:4      | HP: 3/61 [orc/the +10 spear "Kaofiniw" {vamp, *Slow rPois
                  | rN+ rCorr} (3)]
  5852 | D:4      | Mangled by NigelTetley's ghost

Illustrated notes

Levels and vault maps discovered:
D:1:      dpeg_arrival_oval, layout_basic, serial_shops, nicolae_shop_crystal,
          st_stairs_3
D:2:      layout_loops_cross
D:3:      layout_rooms, gammafunk_temple_overflow_elements, st_stairs_3
D:4:      layout_gridville, biasface_ghost_orc_armoury, uniq_duvessa,
          uniq_eustachio, uniq_sigmund

Skill      XL: |  1  2  3  4  5  6  7 |
---------------+----------------------+-----
Armour         | 4 5 6 |  6.4
Fighting       | 4 5 |  5.0
Maces & Flails | 3 4 |  4.5
Shields        | 4 5 |  5.0
Dodging        | 1 2 |  2.4
Polearms       | 1 3 4 |  4.5
Axes           | 3 |  3.3
Short Blades   | |  0.2
Throwing       | |  0.2
Stealth        | |  0.3
Evocations     | |  0.2

Action                     |  1- 3 |  4- 6 |  7- 9 || total
---------------------------+-------+-------+-------++-------
  Melee: Flail             |    63 |    28 |       ||    91
         Headbutt          |     9 |    24 |    14 ||    47
         Short sword       |    23 |       |       ||    23
         Trident           |       |    91 |     9 ||   100
         Hand axe          |       |     6 |       ||     6
         War axe           |       |       |    46 ||    46
  Throw: Boomerang         |       |     5 |       ||     5
  Evoke: Wand              |       |     2 |     2 ||     4
    Use: Potion            |       |     5 |     2 ||     7
   Stab: Invisible         |       |       |     1 ||     1
 Armour: Scale mail        |    51 |   113 |     1 ||   165
         Chain mail        |       |       |    47 ||    47
  Dodge: Dodged            |    28 |    79 |    37 ||   144
  Block: Buckler           |    20 |    25 |    16 ||    61

Table legend: (Time is in decaauts)
 A = Elapsed time spent in this place.
 B = Non-inter-level travel time spent in this place.
 C = Inter-level travel time spent in this place.
 D = Time resting spent in this place.
 E = Time spent auto-exploring this place.
 F = Levels seen in this place.
 G = Mean time per level.
                   A        B        C        D        E       F      G
               +--------+--------+--------+--------+--------+-----+--------+
         Total |   5914 |   5914 |      0 |   1670 |    199 |   4 | 1478.5 |
       Dungeon |   5914 |   5914 |      0 |   1670 |    199 |   4 | 1478.5 |
               +--------+--------+--------+--------+--------+-----+--------+

Top non-repeatable levels by time:
     D:4: 1833 daAuts
     D:3: 1582 daAuts
     D:1: 1501 daAuts
     D:2: 997 daAuts
